 Dungeon Crawl Stone Soup version 0.30.0-5-g1a98f26d00 (webtiles) character file.

Game seed: 8461858145337926707

203618 shadowrider38 the Warrior (level 19, 0/187 HPs)
             Began as a Hill Orc Air Elementalist on May 12, 2023.
             Was the Champion of Okawaru.
             Slain by a spark wasp (16 damage)
             ... on level 4 of the Spider Nest.
             The game lasted 01:02:41 (46529 turns).

shadowrider38 the Warrior (HOAE)                   Turns: 46529, Time: 01:02:41

Health: 0/187      AC: 33    Str: 40    XL:     19   Next: 6%
Magic:  8/26       EV: 14    Int:  4    God:    Okawaru [******]
Gold:   2182       SH: 16    Dex: 11    Spells: 15/21 levels left

rFire   + . .        a - +6 broad axe (heavy)
rCold   . . .        i - +2 kite shield {rF+}
rNeg    + + +        P - +7 chain mail of Ysmuniso {rPois Str+4}
rPois   +            h - -1 helmet "Ompugriq" {rN+++ Str+4 Int-3 Dex-3}
rElec   .            w - +2 cloak of the Thief {*Fog Slay-2 SInv Stlth+}
rCorr   .            y - +2 pair of gloves {infuse} {god gift}
SInv    +            g - +1 pair of boots of Inaction {god gift, Will++ Int-5 Dex+3}
Will    ++++.        C - amulet of faith
Stlth   ++           W - +6 ring of strength
HPRegen 0.51/turn    m - ring "Cioc Yph" {Will+ Str+7 Int-3}
MPRegen 0.20/turn

%: faith, infuse magic (1 MP)
@: heroic, finesse-ful
A: no striking features
a: Renounce Religion, Heroism, Finesse, Duel


You were on level 4 of the Spider Nest.
You worshipped Okawaru.
Okawaru was exalted by your worship.
You visited 7 branches of the dungeon, and saw 32 of its levels.
You also visited: Ossuary, Ice Cave and Volcano.

You collected 4094 gold pieces.
You spent 1912 gold pieces at shops.

Inventory:

Hand Weapons
 a - a +6 heavy broad axe (weapon)
 b - a +1 broad axe of flaming {god gift}
Missiles
 t - 24 boomerangs (quivered)
 u - 5 silver boomerangs {god gift}
 v - 5 javelins
 x - a silver javelin {god gift}
 F - a curare-tipped dart
 J - 2 atropa-tipped darts {god gift}
 Z - 2 throwing nets
Armour
 g - the +1 pair of boots of Inaction (worn) {god gift, Will++ Int-5 Dex+3}
   (Okawaru gifted it to you on level 11 of the Dungeon)

   Int:       It affects your intelligence (-5).
   Dex:       It affects your dexterity (+3).
   Will:      It greatly increases your willpower.
 h - the -1 helmet "Ompugriq" (worn) {rN+++ Str+4 Int-3 Dex-3}
   (You found it on level 3 of the Swamp)

   Str:       It affects your strength (+4).
   Int:       It affects your intelligence (-3).
   Dex:       It affects your dexterity (-3).
   rN:        It renders you almost immune to negative energy.
 i - a +2 kite shield of fire resistance (worn)
 w - the +2 cloak of the Thief (worn) {*Fog Slay-2 SInv Stlth+}
   (You bought it in a shop on level 6 of the Dungeon)

   *Fog:      It may release a thick cloud of smoke when the wearer is hurt.
   Slay:      It affects your accuracy & damage with ranged weapons and melee
   (-2).
   SInv:      It lets you see invisible.
   Stlth:     It makes you more stealthy.
 y - a +2 pair of gloves of infusion (worn) {god gift}
 z - -2 gold dragon scales
 A - a +0 tower shield of protection {god gift}
 P - the +7 chain mail of Ysmuniso (worn) {rPois Str+4}
   (You found it on level 1 of the Elven Halls)

   Str:       It affects your strength (+4).
   rPois:     It protects you from poison.
Jewellery
 c - a ring of protection from cold
 f - a ring of protection from fire
 m - the ring "Cioc Yph" (right hand) {Will+ Str+7 Int-3}
   (You found it on level 15 of the Dungeon)

   [ring of willpower]

   Str:       It affects your strength (+7).
   Int:       It affects your intelligence (-3).
   Will:      It increases your willpower.
 C - an amulet of faith (around neck)
 W - a +6 ring of strength (left hand)
Wands
 D - a wand of digging (24)
 I - a wand of iceblast (27)
 U - a wand of light (28)
 V - a wand of flame (2)
Scrolls
 e - 7 scrolls of immolation
 k - a scroll of fear
 n - 2 scrolls of torment
 r - 2 scrolls of poison
 B - 5 scrolls of blinking
 E - 3 scrolls of vulnerability
 L - 8 scrolls of fog
 M - 3 scrolls of magic mapping
 N - a scroll of silence {!r}
 T - 8 scrolls of teleportation
Potions
 d - a potion of berserk rage
 j - 9 potions of lignification
 l - 5 potions of flight
 o - 5 potions of magic
 p - 3 potions of cancellation
 q - 4 potions of invisibility
 G - 8 potions of attraction
 H - 5 potions of haste
 K - 8 potions of ambrosia
 O - 2 potions of resistance
 Q - 13 potions of curing
 R - a potion of might
 S - 5 potions of mutation
 X - 5 potions of heal wounds
Miscellaneous
 s - a lightning rod (4/4)
 Y - a tin of tremorstones (2/2)


   Skills:
 + Level 20.4(25.4) Fighting
 - Level 19.8(25.0) Axes
 - Level 3.0(16.5) Polearms
 + Level 11.4(16.4) Throwing
 - Level 15.0(20.0) Armour
 + Level 6.8(11.8) Dodging
 - Level 1.5(6.5) Stealth
 + Level 14.9(19.9) Shields
 - Level 1.5 Spellcasting
 - Level 1.0 Conjurations
 - Level 2.4 Air Magic
 + Level 9.5 Invocations


You had 15 spell levels left.
You knew the following spells:

 Your Spells              Type           Power      Damage    Failure   Level
a - Shock                 Conj/Air       4%         1d3       47%         1
b - Static Discharge      Conj/Air       2%         2-3/arc   63%         2
c - Swiftness             Air            2%         N/A       77%         3

Your spell library contained the following spells:

 Spells                   Type           Power      Damage    Failure   Level
 Magic Dart               Conj           4%         1d3       58%         1
 Kiss of Death            Conj/Necr      0%         2d5       65%         1
 Apportation              Tloc           0%         N/A       73%         1
 Necrotise                Necr           0%         1d4       73%         1
 Cigotuvi's Dreadful Rot  Necr/Pois/Air  0%         N/A       75%         2
 Ensorcelled Hibernation  Hex/Ice        0%         N/A       86%         2
 Passwall                 Tmut/Erth      0%         N/A       86%         2
 Vhi's Electric Charge    Tloc/Air       2%         N/A       89%         3
 Mephitic Cloud           Conj/Pois/Air  1%         N/A       90%         3
 Confusing Touch          Hex            0%         N/A       97%         3
 Inner Flame              Hex/Fire       0%         N/A       97%         3
 Ozocubu's Armour         Ice            0%         N/A       97%         3
 Portal Projectile        Hex/Tloc       0%         N/A       97%         3
 Volatile Blastmotes      Fire/Tloc      0%         2d10      97%         3
 Airstrike                Air            1%         2d(1-17)  99%         4
 Anguish                  Hex/Necr       0%         N/A       100%        4
 Cause Fear               Hex            0%         N/A       100%        4
 Dispel Undead            Necr           0%         3d6       100%        4
 Flame Wave               Conj/Fire      0%         2d4       100%        4
 Fulminant Prism          Conj/Hex       0%         3d5       100%        4
 Iskenderun's Mystic Bla  Conj/Tloc      0%         2d3       100%        4
 Leda's Liquefaction      Hex/Erth       0%         N/A       100%        4
 Olgreb's Toxic Radiance  Pois           0%         N/A       100%        4
 Passage of Golubria      Tloc           0%         N/A       100%        4
 Sticky Flame             Conj/Fire      0%         2d3       100%        4
 Arcjolt                  Conj/Air       0%         1d10      100%        5
 Blade Hands              Tmut           0%         N/A       100%        5
 Lee's Rapid Deconstruct  Erth           0%         3d4*      100%        5
 Silence                  Hex/Air        0%         N/A       100%        5
 Eringya's Noxious Bog    Tmut/Pois      0%         N/A       100%        6
 Statue Form              Tmut/Erth      0%         N/A       100%        6
 Dragon Form              Tmut           0%         N/A       100%        7
 Enfeeble                 Hex            0%         N/A       100%        7
 Ozocubu's Refrigeration  Ice            0%         4d7       100%        7
 Discord                  Hex            0%         N/A       100%        8
 Ignition                 Fire           0%         3d3       100%        8
 Lehudib's Crystal Spear  Conj/Erth      0%         10d2      100%        8
 Maxwell's Capacitive Co  Air            1%         ∞         100%        8
 Summon Small Mammal      Summ           Unusable   N/A       N/A         1
 Call Imp                 Summ           Unusable   N/A       N/A         2
 Tukima's Dance           Hex            Unusable   N/A       N/A         3
 Summon Forest            Summ/Tloc      Unusable   N/A       N/A         5
 Death Channel            Necr           Unusable   N/A       N/A         6
 Summon Hydra             Summ           Unusable   N/A       N/A         7
 Dragon's Call            Summ           Unusable   N/A       N/A         9

Dungeon Overview and Level Annotations

Branches:
Dungeon (15/15)            Temple (1/1) D:6            Lair (5/5) D:8
  Swamp (3/4) Lair:2       Spider (4/4) Lair:3        Slime (0/5) Lair:5
    Orc (2/2) D:11            Elf (2/3) Orc:2        Vaults (0/5) D:13
 Depths (0/4) D:15        Ossuary (visited)           IceCv (visited)
Volcano (visited)

Altars:
Ashenzari
Cheibriados
Dithmenos
Elyvilon
Fedhas
Gozag
Hepliaklqana
Kikubaaqudgha
Makhleb
Nemelex Xobeh
Okawaru
Qazlal
Ru
Sif Muna
Trog
Uskayaw
Vehumet
Wu Jian
Xom
Yredelemnul
Zin
The Shining One
Beogh
Jiyva

Shops:
D:6 ([*   D:8 *   D:11 (   D:13 (   Orc:2 =([[   Elf:1 :

Annotations:
D:1 exclusion: downstairs
D:2 Terence
D:4 exclusion: downstairs
D:14 6 transporters
Lair:4 exclusion: oklob plant
Swamp:3 2 transporters, browni3141's ghost, adept FoIE
Elf:1 Roxanne
Elf:2 3 runed translucent doors


Message History

You can now deal lightning-fast blows.
Arachne hits you but does no damage.
You carve Arachne like a ham!!!
Arachne is moderately wounded.
You barely miss the jumping spider. You block the jumping spider's attack.
The jumping spider closely misses you.
Arachne's staff shoots out a stream of webbing.
You block the stream of webbing.
You slash Arachne!
Arachne is moderately wounded.
You cut the jumping spider into ribbons!!!
You kill the jumping spider!
Okawaru accepts your kill. You block Arachne's attack.
You barely miss Arachne.
Arachne is moderately wounded.
You cut Arachne into ribbons!!!!
Arachne is severely wounded.
You hear a chilling moan.
Arachne hits you with a staff of poison!
* * * LOW HITPOINT WARNING * * *
Arachne envenoms you.
* * * LOW HITPOINT WARNING * * *
You open Arachne like a pillowcase!!!!
You kill Arachne!
Okawaru accepts your kill.
Things that are here:
the +0 buckler of Beastly Freedom {god gift, Regen+}; a jorogumo skeleton A radroach comes into view.
Unknown command.
You barely miss the spark wasp.
The spark wasp stings you but does no damage.
You slice the spark wasp!!
The spark wasp is moderately wounded.
The spark wasp barely misses you.
You slice the spark wasp!!
The spark wasp is heavily wounded.
You closely miss the spark wasp.
The spark wasp is heavily wounded.
The spark wasp closely misses you.
You miss the spark wasp.
The spark wasp is heavily wounded.
The spark wasp stings you!!
* * * LOW HITPOINT WARNING * * *
The spark wasp shocks you!
* * * LOW HITPOINT WARNING * * *
You feel much better. The spark wasp stings you!
* * * LOW HITPOINT WARNING * * *
The spark wasp shocks you!
You die...

#.^##....#..#.#.^#... .
###....^#^.^#.....#.. .
#^# ..^#.#..#.#^^....#.#..
#.. ...^..#.#^##.....^#.#
# ^.##^#...^...§..#§.§.^.^
#.##.#^#...#.....#.#§#..#.
#......^....#.^##§§§w#.$..
^.#..^#..#.....#§H§§§.†#
#........@y..B.#§§###....H
#..#.^#<#.#.#.|†§## ##....
....#^.....#...## ##..
#.....##^#.#.^..# ..
#...#..^.....#### . #..
.#....#.^# ###.#.....#^.#
##....#.#.## ..#


You could see a radroach and a spark wasp.

Vanquished Creatures
  Arachne (Spider:4)
  Rupert (Lair:3)
  Asterion (Elf:1)
  Gastronok (D:8)
  2 thorn hunters (Swamp:1)
  2 deep elf sorcerers (Elf:2)
  An emperor scorpion (Spider:1)
  An orc warlord (Orc:2)
  2 ghost moths
  4 ghouls (Swamp:3)
  A broodmother (Spider:2)
  An ironbound preserver (D:13)
  A stone giant (D:15)
  A reaper (IceCv)
  A deep elf demonologist (Elf:2)
  An eleionoma (Swamp:3)
  3 bunyips
  A spark wasp (Spider:2)
  5 entropy weavers
  A deep elf high priest (Elf:1)
  Erolcha (D:11)
  A jorogumo (Spider:4)
  2 ogre magi
  2 ghost crabs (Swamp:3)
  4 radroaches
  12 hydras
  8 boulder beetles
  A centaur warrior (D:15)
  9 two-headed ogres
  18 dancing weapons
  9 alligators
  An orc high priest (Orc:2)
  5 tengu warriors
  A hell knight (Volcano)
  11 spriggans
  4 deep elf knights
  4 skysharks
  6 pharaoh ants
  A death drake (Swamp:3)
  3 spriggan druids
  5 goliath frogs
  2 sun moths (Spider:2)
  7 orb spiders
  7 deep elf archers
  Pikel (D:4)
  A wizard (D:14)
  7 bog bodies
  4 swamp dragons
  3 steelbarb worms
  An obsidian statue (Volcano)
  6 orc knights
  13 deep elf zephyrmancers
  5 orc sorcerers
  17 ugly things
  A harpy (shapeshifter) (D:14)
  21 deep elf pyromancers
  15 wolf spiders
  3 will-o-the-wisps
  4 manticores
  A faun (shapeshifter) (Elf:2)
  6 cyclopes
  10 elephants
  4 moths of wrath
  6 black mambas
  A black mamba (shapeshifter) (Elf:2)
  11 demonic crawlers
  A cane toad (shapeshifter) (D:13)
  7 torpor snails
  18 cane toads
  An ice statue (IceCv)
  A gargoyle (D:13)
  An unseen horror (D:12)
  A kobold demonologist (D:10)
  5 rime drakes
  A komodo dragon (shapeshifter) (D:15)
  9 komodo dragons
  2 anaconda simulacra (IceCv)
  3 freezing wraiths
  The ghost of geeko55 the Charlatan, a novice DEAr (D:4)
  A queen bee (Lair:1)
  12 meliai
  7 tyrant leeches
  3 polar bears
  12 hornets
  9 trolls
  A wolf spider simulacrum (D:15)
  3 saltlings (Orc:2)
  24 blink frogs
  3 dream sheep
  24 tarantellas
  A jumping spider (shapeshifter) (Elf:1)
  16 culicivoras
  27 jumping spiders
  2 shadows
  A vampire (D:12)
  2 air elementals
  8 slime creatures (D:13)
  3 wraiths
  51 yaks
  5 wyverns
  A water elemental (Elf:2)
  A dire elephant simulacrum (IceCv)
  5 fire bats (Volcano)
  A human (shapeshifter) (D:13)
  4 basilisks
  13 vampire mosquitoes
  A death yak simulacrum (IceCv)
  34 redbacks
  A steam dragon (D:8)
  A harpy simulacrum (IceCv)
  7 swamp worms
  2 wargs
  Edmund (D:4)
  3 acid dragons
  A hydra simulacrum (IceCv)
  25 water moccasins
  A swamp drake (Orc:2)
  5 black bears
  28 orc warriors
  An ice beast (D:6)
  7 wolves
  11 ogres
  A phantom (D:5)
  5 centaurs
  2 lemures
  5 kobold brigands
  22 bullfrogs
  A necrophage (Swamp:3)
  12 two-headed ogre simulacra (IceCv)
  3 earth elementals
  4 scorpions
  2 cane toad simulacra (IceCv)
  13 wights
  27 killer bees
  An elephant simulacrum (IceCv)
  4 howler monkeys
  4 electric eels
  8 lava snakes (Volcano)
  A crimson imp (Orc:2)
  3 jellies
  3 hounds
  3 gnoll boudas
  16 orc priests
  An iron imp (Orc:2)
  A sleepcap (D:5)
  Ijyb (D:4)
  6 iguanas
  19 orc wizards
  5 spriggan simulacra (IceCv)
  2 polar bear simulacra (IceCv)
  6 troll simulacra (IceCv)
  2 mummies
  Robin (D:4)
  8 adders
  11 gnolls
  A shadow imp (Orc:2)
  10 white imps
  6 ufetubi
  2 worms
  3 dart slugs
  81 orcs
  3 spectral bats (Ossuary)
  3 bats
  5 endoplasms
  4 giant cockroaches
  12 gnoll zombies (Ossuary)
  9 goblins
  14 hobgoblins
  5 quokkas
  3 ball pythons
  4 bat simulacra (Ossuary)
  A frilled lizard (D:1)
  6 goblin zombies
  6 hobgoblin zombies
  8 kobolds
  2 kobold simulacra (Ossuary)
  8 orc zombies (Ossuary)
  3 rats
  4 rat simulacra (Ossuary)
  6 spectral goblins (Ossuary)
  5 spectral kobolds (Ossuary)
  2 spectral rats (Ossuary)
  A spectral weapon (Elf:1)
1137 creatures vanquished.

Vanquished Creatures (others)
  An alligator (Swamp:3)
  A deep elf pyromancer (Elf:1)
  A demonic crawler (Spider:3)
  A bloated husk (Swamp:3)
  3 swamp worms (Swamp:3)
  2 orcs (Orc:2)
  6 foxfires
15 creatures vanquished.

Grand Total: 1152 creatures vanquished

Notes
Turn   | Place    | Note
-------+----------+-------------------------------------------
     0 | D:1      | shadowrider38 the Hill Orc Air Elementalist began the quest
                  | for the Orb.
     0 | D:1      | Reached XP level 1. HP: 14/14 MP: 3/3
    69 | D:1      | Reached skill level 1 in Fighting
   329 | D:1      | Reached skill level 2 in Fighting
   329 | D:1      | Reached XP level 2. HP: 13/24 MP: 0/4
   937 | D:1      | Learned a level 2 spell: Static Discharge
  1078 | D:2      | Reached skill level 3 in Fighting
  1153 | D:2      | Reached XP level 3. HP: 29/31 MP: 5/5
  1258 | D:2      | Noticed Terence
  1558 | D:2      | Reached skill level 4 in Fighting
  1833 | D:2      | Reached XP level 4. HP: 39/40 MP: 3/6
  1880 | D:1      | Learned a level 3 spell: Swiftness
  2219 | D:3      | Found a faded altar of an unknown god.
  2297 | D:3      | Reached skill level 1 in Axes
  2845 | D:4      | Noticed a black bear
  3012 | D:4      | Found a sand-covered staircase.
  3022 | D:4      | Reached skill level 3 in Axes
  3024 | Ossuary  | Entered an ossuary
  3057 | Ossuary  | Reached XP level 5. HP: 46/46 MP: 7/7
  3551 | D:4      | Noticed Edmund
  3764 | D:4      | Noticed a lemure
  3787 | D:4      | Noticed a lemure
  3799 | D:3      | Reached skill level 1 in Polearms
  3854 | D:3      | Killed a lemure
  4180 | D:4      | Noticed Pikel
  4180 | D:4      | Noticed a lemure
  4180 | D:4      | Noticed a lemure
  4310 | D:4      | Reached XP level 6. HP: 48/52 MP: 8/8
  4327 | D:4      | Reached skill level 3 in Polearms
  4430 | D:4      | Killed Edmund
  4448 | D:4      | Reached skill level 6 in Axes
  4705 | D:4      | Killed a black bear
  4706 | D:4      | Reached XP level 7. HP: 55/59 MP: 9/9
  4730 | D:5      | Entered Level 5 of the Dungeon
  4732 | D:5      | Noticed geeko55's ghost (novice DEAr)
  4743 | D:5      | Found a transporter.
  4819 | D:5      | Found a transporter.
  4862 | D:5      | Reached skill level 1 in Armour
  5033 | D:5      | Reached skill level 5 in Fighting
  5094 | D:5      | Reached XP level 8. HP: 57/68 MP: 10/10
  5232 | D:5      | Noticed Ijyb
  5232 | D:5      | Noticed Robin
  5264 | D:4      | Killed Ijyb
  5288 | D:4      | Killed Robin
  5764 | D:5      | Reached skill level 3 in Armour
  6044 | D:5      | Reached skill level 6 in Fighting
  6044 | D:5      | Reached skill level 9 in Axes
  6397 | D:6      | Found a staircase to the Ecumenical Temple.
  6415 | Temple   | Entered the Ecumenical Temple
  6657 | Temple   | Became a worshipper of Warmaster Okawaru
  6778 | D:6      | Found Yxzorin's Antique Weapon Shoppe.
  6778 | D:6      | Found Lexogucicw's Armour Shoppe.
  6780 | D:6      | Found Hahov's General Store.
  6806 | D:6      | Reached XP level 9. HP: 69/78 MP: 11/11
  7160 | D:6      | Bought the +2 cloak of the Thief {*Fog Slay-2 SInv Stlth+}
                  | for 241 gold pieces
  7160 | D:6      | Found the +2 cloak of the Thief {*Fog Slay-2 SInv Stlth+}
  7357 | D:7      | Reached * piety under Okawaru
  7424 | D:7      | Reached skill level 7 in Fighting
  7442 | D:7      | Reached skill level 3 in Dodging
  7860 | D:7      | Identified the +6 sling "Hugamp" {freeze, rC+ rN+ Str+3}
  8485 | D:4      | Killed geeko55's ghost
  8540 | D:5      | Reached skill level 6 in Armour
  8797 | D:8      | Noticed Gastronok
  9102 | D:8      | Reached skill level 8 in Fighting
  9228 | D:8      | Reached XP level 10. HP: 88/88 MP: 12/12
  9252 | D:8      | Found Xyuno's Lightly-Used Armoury.
  9319 | D:6      | Bought a scroll of blinking for 105 gold pieces
  9408 | D:8      | Killed Gastronok
  9408 | D:8      | Reached ** piety under Okawaru
  9913 | D:8      | Reached skill level 1 in Invocations
 10341 | D:8      | Reached *** piety under Okawaru
 10392 | D:8      | Reached skill level 3 in Invocations
 10425 | D:8      | Found a staircase to the Lair.
 10591 | D:8      | Found Cuecair's Serpentskin Sales.
 10844 | D:9      | Reached skill level 9 in Fighting
 11054 | D:9      | Reached XP level 11. HP: 97/97 MP: 13/13
 11138 | D:9      | Paralysed by a hornet for 2 turns
 11140 | D:9      | Reached **** piety under Okawaru
 11372 | D:9      | Identified the +4 dagger of the Endless March {drain, Drain
                  | rElec rC+ Stlth+}
 11488 | D:9      | Noticed a three-headed hydra
 11502 | D:9      | Killed a three-headed hydra
 11503 | D:9      | Reached skill level 15 in Axes
 11816 | D:9      | Found a hazy altar of Hepliaklqana.
 11947 | D:10     | Entered Level 10 of the Dungeon
 12065 | D:10     | Reached skill level 10 in Fighting
 12347 | D:10     | Reached ***** piety under Okawaru
 12685 | D:10     | Reached skill level 11 in Fighting
 12933 | D:11     | Identified the +1 pair of boots of Inaction {god gift,
                  | Will++ Int-5 Dex+3} (Okawaru gifted it to you on level 11
                  | of the Dungeon)
 12933 | D:11     | Received a gift from Okawaru
 13065 | D:11     | Found Bimyutz's Weapon Boutique.
 13087 | D:11     | Noticed a boulder beetle
 13098 | D:11     | Killed a boulder beetle
 13099 | D:11     | Reached XP level 12. HP: 101/110 MP: 14/14
 13128 | D:11     | Found a staircase to the Orcish Mines.
 13255 | D:11     | Noticed Erolcha
 13280 | D:11     | Killed Erolcha
 13281 | D:11     | Reached skill level 12 in Fighting
 13508 | D:11     | Noticed a boulder beetle
 13519 | D:11     | Killed a boulder beetle
 13607 | D:11     | Identified the +1 dagger "Bopsont" {flame, +Blink rC-
                  | Will++ Stlth+}
 13825 | Lair:1   | Entered Level 1 of the Lair of Beasts
 14091 | Lair:1   | Reached skill level 18 in Axes
 14479 | Lair:1   | Noticed a boulder beetle
 14487 | Lair:1   | Killed a boulder beetle
 14825 | Lair:1   | Identified the +2 cloak of Insurance {god gift, MP-9 Str-2
                  | Int+7} (Okawaru gifted it to you on level 1 of the Lair of
                  | Beasts)
 14825 | Lair:1   | Received a gift from Okawaru
 14939 | Lair:1   | Reached skill level 9 in Armour
 14964 | Lair:1   | Reached ****** piety under Okawaru
 14965 | Lair:1   | Reached skill level 6 in Invocations
 15269 | Lair:1   | Reached XP level 13. HP: 117/119 MP: 17/17
 15438 | Lair:1   | Reached skill level 13 in Fighting
 15657 | Lair:2   | Identified the +1 scale mail of the Desert {Will+}
 16354 | Lair:2   | Found a staircase to the Swamp.
 17001 | Lair:3   | Identified a scroll of acquirement
 17004 | Lair:3   | Acquired 867 gold pieces
 17099 | D:8      | Bought -3 gold dragon scales for 780 gold pieces
 17147 | D:6      | Bought a potion of heal wounds for 70 gold pieces
 17147 | D:6      | Bought a potion of heal wounds for 70 gold pieces
 17147 | D:6      | Bought a potion of heal wounds for 70 gold pieces
 17147 | D:6      | Bought a scroll of fear for 56 gold pieces
 17288 | Lair:3   | Found a hole to the Spider Nest.
 17294 | Lair:3   | Received a gift from Okawaru
 17334 | Lair:3   | Found a dark tunnel.
 17345 | Volcano  | Entered a volcano
 17704 | Volcano  | Reached skill level 14 in Fighting
 17713 | Volcano  | Found a burning altar of Makhleb.
 18275 | Lair:2   | Received a gift from Okawaru
 18709 | Lair:3   | You fall into a shaft and drop 2 floors!
 18709 | Lair:5   | Entered Level 5 of the Lair of Beasts
 18720 | Lair:5   | Reached XP level 14. HP: 126/133 MP: 4/20
 18724 | Lair:5   | Identified the +2 flail "Jeul" {flame, Fly rC+ rN+ Will+}
 18930 | Lair:5   | Reached skill level 15 in Fighting
 19400 | Lair:4   | Found a blossoming altar of Fedhas.
 19455 | Lair:4   | Identified the +1 plate armour of Foacay {god gift, rN+}
                  | (Okawaru gifted it to you on level 4 of the Lair of Beasts)
 19455 | Lair:4   | Received a gift from Okawaru
 19859 | Lair:4   | Reached skill level 12 in Armour
 20304 | Lair:3   | Noticed Rupert
 20316 | Lair:3   | Killed Rupert
 20317 | Lair:3   | Reached skill level 1 in Throwing
 21567 | Arena    | Entered the Arena
 21734 | Lair:5   | Reached skill level 3 in Throwing
 22143 | Lair:5   | Identified the +0 kite shield of Levity {god gift, Rampage
                  | rC+ Will+++ MP-9} (Okawaru gifted it to you on level 5 of
                  | the Lair of Beasts)
 22143 | Lair:5   | Received a gift from Okawaru
 22274 | Lair:5   | Found a staircase to the Slime Pits.
 22274 | Lair:5   | Found a viscous altar of Jiyva.
 23106 | Orc:1    | Entered Level 1 of the Orcish Mines
 23315 | Orc:2    | Entered Level 2 of the Orcish Mines
 23337 | Orc:2    | Found a staircase to the Elven Halls.
 23544 | Orc:2    | Reached XP level 15. HP: 132/143 MP: 15/21
 23685 | Orc:2    | Reached skill level 16 in Fighting
 23862 | Orc:2    | Noticed an orc warlord
 23869 | Orc:2    | Reached skill level 6 in Dodging
 23878 | Orc:2    | Found Deiblim's Antique Weapon Shoppe.
 24226 | Orc:2    | Killed an orc warlord
 24468 | Orc:2    | Found Duikigi's Antique Armour Shoppe.
 24469 | Orc:2    | Found a roughly hewn altar of Beogh.
 24483 | Orc:2    | Bought a brightly glowing buckler for 342 gold pieces
 24483 | Orc:2    | Identified the +0 buckler of the Ward {rC+} (You bought it
                  | in a shop on level 2 of the Orcish Mines)
 24488 | Orc:2    | Bought a bloodstained war axe for 178 gold pieces
 24488 | Orc:2    | Identified the +9 war axe of Excruciating Pain {flame,
                  | *Noise rCorr Int+2 SInv} (You bought it in a shop on level
                  | 2 of the Orcish Mines)
 24509 | Orc:2    | Found Pyrreakkawk's Jewellery Shop.
 24542 | Orc:2    | Found Qytysoed's Armour Shoppe.
 24724 | Orc:2    | Reached skill level 1 in Shields
 25949 | D:12     | Received a gift from Okawaru
 26027 | D:12     | aesen: gong
 26027 | D:12     | beem: GONNNNG!
 26034 | D:12     | shadowrider38: hi
 26034 | D:12     | shadowrider38: been absent
 26052 | D:12     | aesen: !lg
 26052 | D:12     | beem: 332. aesen the Archmage (L27 MeNe of Cheibriados),
                  | escaped with the Orb and 15 runes on 2023-05-11 20:12:39,
                  | with 88162777 points after 16229 turns and 8:22:56.
 26052 | D:12     | shadowrider38: :OO
 26052 | D:12     | shadowrider38: so proud
 26052 | D:12     | shadowrider38: im a proud shadowgonger
 26052 | D:12     | Found a frozen archway.
 26084 | IceCv    | Entered an ice cave
 26087 | IceCv    | aesen: and only second best in tourney lmao
 26206 | IceCv    | shadowrider38: lol what
 26206 | IceCv    | aesen: iguanaiguana barely took it
 26206 | IceCv    | shadowrider38: dang
 26206 | IceCv    | aesen: we both ran at the same time
 26206 | IceCv    | shadowrider38: impressive
 26376 | IceCv    | aesen: i finished first, probably put pressure on iguana
 26376 | IceCv    | shadowrider38: im gonna try to do a tc run
 26376 | IceCv    | shadowrider38: hopefully
 26434 | IceCv    | aesen: so you on cbro now
 26448 | IceCv    | shadowrider38: well i wanted to do this nemelex choice
 26448 | IceCv    | shadowrider38: but i have a separate game on cko
 26458 | IceCv    | aesen: streaks wont count that way btw
 26568 | IceCv    | aesen: if you have one going
 26568 | IceCv    | shadowrider38: its ok
 26568 | IceCv    | shadowrider38: i am bad at streaking
 26610 | IceCv    | Reached skill level 3 in Shields
 26628 | IceCv    | aesen: no youre not
 27019 | IceCv    | aesen: !streak shadowrider38
 27021 | IceCv    | beem: shadowrider38 has 9 consecutive wins (MiFi, VSBr,
                  | DjSu, HOGl, GhEE, DrCj, HOBe, DgEE, GnSu).
 27023 | IceCv    | aesen: 9
 27038 | IceCv    | shadowrider38: that required me to play in a way i dont
                  | like to play
 27343 | IceCv    | Identified the +5 ring mail "Ifauch" {Contam Rampage rElec
                  | MP+9}
 27711 | D:12     | Reached skill level 6 in Throwing
 27965 | D:12     | aesen: lol
 28532 | D:13     | Found Hysiuf's Weapon Shoppe.
 28568 | D:13     | Identified the +1 leather armour "Futz" {Int+2}
 28759 | D:13     | shadowrider38: i have been left behind
 28759 | D:13     | shadowrider38: better players have shown up
 28778 | D:13     | Reached skill level 17 in Fighting
 28788 | D:13     | Found a gate to the Vaults.
 29166 | D:13     | aesen: powermode being powermode
 29170 | D:13     | shadowrider38: real
 29270 | D:13     | aesen: he had the previous tourney hs
 29270 | D:13     | Received a gift from Okawaru
 29396 | D:13     | aesen: octopode
 29679 | D:14     | aesen: only took him 3 hours
 29726 | D:14     | aesen: the madman
 29767 | D:14     | shadowrider38: lol no way
 29767 | D:14     | shadowrider38: thats ridiculous
 29807 | D:14     | Reached XP level 16. HP: 155/155 MP: 19/22
 29846 | D:14     | Found a sparkling altar of Nemelex Xobeh.
 29846 | D:14     | Found a transporter.
 29847 | D:14     | Found a transporter.
 29847 | D:14     | Found a transporter.
 29847 | D:14     | Found a transporter.
 29848 | D:14     | Found a transporter.
 29848 | D:14     | Noticed a juggernaut
 29868 | D:14     | Received a gift from Okawaru
 29877 | D:14     | Reached skill level 6 in Shields
 30171 | D:14     | Found a transporter.
 30185 | D:14     | Received a gift from Okawaru
 30397 | D:14     | aesen: !lg p0werm0de optm
 30595 | D:15     | Entered Level 15 of the Dungeon
 30619 | D:15     | beem: 109. P0WERM0DE the Sensei (L27 OpTm of Cheibriados),
                  | escaped with the Orb and 15 runes on 2023-05-09 15:10:01,
                  | with 63990625 points after 22503 turns and 3:17:38.
 30707 | D:15     | aesen: 22503 turns
 30710 | D:15     | aesen: 3 hours
 31134 | D:15     | Received a gift from Okawaru
 31135 | D:15     | Reached skill level 15 in Armour
 31160 | D:15     | Found a staircase to the Depths.
 31360 | D:15     | Found a sparkling altar of Nemelex Xobeh.
 31461 | D:15     | Identified the ring "Cioc Yph" {Will+ Str+7 Int-3}
 31768 | D:15     | shadowrider38: how does anyone play like that
 32007 | Swamp:1  | Entered Level 1 of the Swamp
 32008 | Swamp:1  | aesen: drugs
 32009 | Swamp:1  | aesen: HEAVY
 32018 | Swamp:1  | aesen: ok i gotta go to work
 32022 | Swamp:1  | Reached skill level 18 in Fighting
 32059 | Swamp:1  | aesen: you got this
 32083 | Swamp:1  | shadowrider38: hf
 32085 | Swamp:1  | aesen: and dont forget to not die
 32115 | Swamp:1  | Received a gift from Okawaru
 32514 | Swamp:1  | Reached skill level 9 in Shields
 32555 | Swamp:1  | Noticed a thorn hunter
 32568 | Swamp:1  | Killed a thorn hunter
 32574 | Swamp:1  | Received a gift from Okawaru
 33059 | Swamp:1  | Noticed a thorn hunter
 33069 | Swamp:1  | Killed a thorn hunter
 33654 | D:4      | Killed Pikel
 34684 | Swamp:2  | Received a gift from Okawaru
 34863 | Swamp:2  | Received a gift from Okawaru
 35384 | Swamp:3  | shadowrider38: !nchoice
 35401 | Swamp:3  | beem: HOAE: 0 wins || removed: CAO, L17 Slayer of Ru ||
                  | shadowrider38: CBR2, L16 Severer of Okawaru || Tommu: CAO,
                  | L7 Cleaver of Fedhas || yonee: CWZ, L1 Gusty of No God
 35500 | Swamp:3  | Received a gift from Okawaru
 35588 | Swamp:3  | Reached XP level 17. HP: 55/166 MP: 13/23
 35849 | Swamp:3  | Found a transporter.
 36278 | Swamp:3  | Identified the -1 helmet "Ompugriq" {rN+++ Str+4 Int-3
                  | Dex-3}
 36330 | Swamp:3  | Noticed browni3141's ghost (adept FoIE)
 36330 | Swamp:3  | Noticed a tentacled monstrosity
 36331 | Swamp:3  | Found a transporter.
 36336 | Swamp:3  | Received a gift from Okawaru
 37035 | Elf:1    | Entered Level 1 of the Elven Halls
 37038 | Elf:1    | Noticed Asterion
 37053 | Orc:2    | Reached skill level 19 in Fighting
 37192 | Elf:1    | Noticed an Executioner
 37441 | Elf:1    | Noticed an Executioner
 37445 | Elf:1    | Killed Asterion
 38101 | Elf:1    | Reached skill level 12 in Shields
 39071 | Elf:1    | Paralysed by an air elemental for 1 turns
 39200 | Elf:1    | Found Xicwidgh's Book Shop.
 39216 | Elf:1    | Identified Roxanne's Cyclopedia of Terra Firma
 39216 | Elf:1    | Noticed Roxanne
 39465 | Elf:1    | Identified the +7 chain mail of Ysmuniso {rPois Str+4}
 39532 | Elf:2    | Identified the +2 cloak of Wyar {god gift, Str+2} (Okawaru
                  | gifted it to you on level 2 of the Elven Halls)
 39532 | Elf:2    | Received a gift from Okawaru
 39879 | Elf:2    | Reached skill level 9 in Throwing
 40075 | Elf:2    | Paralysed by an air elemental for 1 turns
 40404 | Elf:2    | Reached XP level 18. HP: 175/178 MP: 17/24
 40467 | Elf:2    | Found a runed translucent gate.
 40467 | Elf:2    | Found a runed translucent gate.
 40467 | Elf:2    | Found a runed translucent gate.
 40625 | Elf:2    | Reached skill level 20 in Fighting
 40995 | Spider:1 | Entered Level 1 of the Spider Nest
 41004 | Spider:1 | Received a gift from Okawaru
 42963 | Spider:2 | Received a gift from Okawaru
 43428 | Spider:2 | Received a gift from Okawaru
 44605 | Spider:3 | Found a hide-covered altar of Uskayaw.
 44886 | Spider:3 | Received a gift from Okawaru
 45070 | Spider:3 | Reached skill level 9 in Invocations
 46182 | Spider:4 | Entered Level 4 of the Spider Nest
 46195 | Spider:4 | Identified the +0 buckler of Beastly Freedom {god gift,
                  | Regen+} (Okawaru gifted it to you on level 4 of the Spider
                  | Nest)
 46195 | Spider:4 | Received a gift from Okawaru
 46209 | Spider:4 | Reached XP level 19. HP: 121/187 MP: 8/26
 46486 | Spider:4 | shadowrider38: !nchoice
 46497 | Spider:4 | beem: HOAE: 0 wins || shadowrider38: CBR2, L18 Warrior of
                  | Okawaru || removed: CAO, L17 Slayer of Ru || Tommu: CAO, L8
                  | Cleaver of Fedhas || sanka: CXC, L1 Gusty of No God ||
                  | yonee: CWZ, L1 Gusty of No God
 46499 | Spider:4 | Noticed Arachne
 46518 | Spider:4 | Killed Arachne
 46529 | Spider:4 | Slain by a spark wasp

Illustrated notes

Levels and vault maps discovered:
D:1:      scummos_arrival_simple_fountains, layout_basic
D:2:      layout_basic, feat_on_display, uniq_terence
D:3:      layout_rooms, basic_ecumenical_altar
D:4:      layout_loops_ring, nicolae_ossuary_entry_giza, uniq_edmund, uniq_pikel
D:5:      minmay_razor_zed, layout_loops_ring, gammafunk_ghost_arena,
          nicolae_goblin_pals
D:6:      layout_basic, minmay_temple_entry_arrows,
          nicolae_shop_distant_corner_stores
D:7:      layout_loops_cross
D:8:      layout_rooms, due_lair_maze_entry_diamond, minmay_shop_damaged,
          guppyfry_shop_venom, uniq_gastronok
D:9:      layout_roguey, worldfamousw_hep_ancestral_shrine,
          hangedman_decor_growths, hangedman_ranch
D:10:     layout_gridville
D:11:     layout_long_grid, orc_0_dummy, serial_shops, nicolae_shop_stone,
          uniq_erolcha
D:12:     layout_basic, portal_ice_cave_entry_animals_and_master
D:13:     layout_roguey, skrybe_vaults_entry_preservation, serial_shops,
          nicolae_shop_bloodbath_and_beyond, nicolae_sextant
D:14:     layout_long_grid, minmay_misc_feat_ornament, hellmonk_jugg_or_not
D:15:     grunt_enter_depths_snipers, layout_basic,
          nemelex_xobeh_ov_fountains_minmay
Temple:   mainiacjoe_temple_archimedes_tessellation
Lair:1:   layout_misc_corridors, special_room [special_room_bee],
          chequers_serial_rivers_small_b, guppyfry_lair_drakes,
          lemuel_fruit_tree, grunt_megastairs_5
Lair:2:   layout_roguey, nicolae_swamp_entry_splash_gauntlet
Lair:3:   nzn_winding_woodlands_three_and_one
          [nzn_winding_woodlands_5x15_zeroes,
          nzn_winding_woodlands_5x15_default, nzn_winding_woodlands_5x15_jagged,
          nzn_winding_woodlands_center_garden], layout_regular_city,
          dummy_spider_entry, nicolae_volcano_entry_hallway, uniq_rupert
Lair:4:   layout_layer_cave, hangedman_tree_tricks
Lair:5:   minmay_lair_end_frog_pond, layout_regular_city, slime_entry_1,
          serial_bayou_lagoon_b
Swamp:1:  cheibrodos_swamp_tower_of_moss, layout_falls_marsh
Swamp:2:  layout_falls_marsh, evilmike_swamp_ruin_rubble_2
Swamp:3:  layout_falls_marsh, gammafunk_ghost_arena,
          evilmike_swamp_ruin_rubble_1
Spider:1: layout_spider_delve
Spider:2: layout_spider_delve, hangedman_spider_mandibles,
          nicolae_spider_bug_shape
Spider:3: layout_chambers, nicolae_spider_altar_of_dancing,
          hangedman_spider_tarantella_strand
Spider:4: hellmonk_spider_rune_bug_friends, amcnicky_altar_lugonu_corruption,
          uniq_arachne
Orc:1:    layout_diamond_mine
Orc:2:    hellmonk_orc_salted, layout_caves, hangedman_minor_magic
Elf:1:    elf_arrival_002, layout_gridlike, serial_shops, shop,
          kennysheep_underground_church, grunt_megastairs_2, uniq_roxanne,
          uniq_asterion
Elf:2:    nicolae_elf_blades_splatter_lattice [nicolae_blade_lattice],
          layout_geoelf_octagon

Skill      XL: |  1  2  3  4  5  6  7  8  9 10 11 12 13 14 15 16 17 18 |
---------------+-------------------------------------------------------+-----
Fighting       | 2 3 4 5 6 8 9 11 12 14 15 17 18 19 20 | 20.4
Axes           | 3 4 7 8 10 11 14 17 18 19 | 19.8
Polearms       | 2 3 |  3.0
Armour         | 2 4 6 7 8 9 10 13 14 15 | 15.0
Dodging        | 2 4 5 6 |  6.8
Invocations    | 3 6 8 9 |  9.5
Throwing       | 4 6 7 9 11 | 11.4
Shields        | 5 10 13 14 | 14.9
Stealth        | |  1.5
Spellcasting   | |  1.5
Conjurations   | |  1.0
Air Magic      | |  2.4

Action                     |  1- 3 |  4- 6 |  7- 9 | 10-12 | 13-15 | 16-18 | 19-21 || total
---------------------------+-------+-------+-------+-------+-------+-------+-------++-------
  Melee: Short sword       |    35 |       |       |       |       |       |       ||    35
         Unarmed           |     2 |       |       |       |       |       |       ||     2
         Dagger            |    64 |     2 |       |       |       |       |       ||    66
         Punch             |     1 |       |     8 |     4 |       |       |       ||    13
         Halberd           |       |   223 |       |       |       |       |       ||   223
         Hand axe          |       |    46 |    25 |       |       |       |       ||    71
         War axe           |       |       |   364 |   290 |   366 |   158 |       ||  1178
         Battleaxe         |       |       |       |   381 |   566 |       |       ||   947
         Flail             |       |       |       |     9 |       |       |       ||     9
         Great mace        |       |       |       |       |    28 |       |       ||    28
         Broad axe         |       |       |       |       |       |   765 |    22 ||   787
  Throw: Boomerang         |       |       |     4 |       |     2 |     7 |       ||    13
         Dart              |       |       |       |     4 |       |       |       ||     4
   Cast: Shock             |    40 |    23 |       |       |       |       |       ||    63
         Static Discharge  |     1 |     1 |       |       |       |       |       ||     2
 Invoke: Heroism           |       |       |     2 |     5 |    10 |     5 |     1 ||    23
         Finesse           |       |       |       |       |     3 |       |     1 ||     4
         Duel              |       |       |       |       |     1 |       |       ||     1
  Evoke: Wand              |       |       |    10 |       |     8 |       |       ||    18
    Use: Scroll            |     4 |     1 |     8 |     5 |    19 |    10 |     1 ||    48
         Potion            |       |       |     3 |     4 |     5 |     1 |     1 ||    14
   Stab: Sleeping          |     4 |    11 |       |       |       |       |       ||    15
         Distracted        |       |       |       |       |       |     1 |       ||     1
 Armour: Robe              |    29 |    13 |       |       |       |       |       ||    42
         Leather armour    |       |    80 |       |       |       |       |       ||    80
         Scale mail        |       |    34 |   238 |     3 |       |       |       ||   275
         Chain mail        |       |       |       |   499 |    35 |   413 |    17 ||   964
         Gold dragon scale |       |       |       |       |   713 |   333 |       ||  1046
  Dodge: Dodged            |    74 |   152 |   181 |   371 |   315 |   417 |     6 ||  1516
  Block: Kite shield       |       |       |       |       |   146 |   838 |    19 ||  1003
